 Dungeon Crawl Stone Soup version 0.20-a0-299-gec7c366 (webtiles) character file.

7613 Kidiri the Thaumaturge (level 10, -5/56 HPs)
             Began as a Deep Elf Fire Elementalist on Dec 15, 2016.
             Was a Priest of Vehumet.
             Killed from afar by an orc wizard (10 damage)
             ... with a magic dart
             ... on level 9 of the Dungeon.
             The game lasted 00:28:35 (9574 turns).

Kidiri the Thaumaturge (Deep Elf Fire Elementalist) Turns: 9574, Time: 00:28:36

Health: -5/56      AC:  8    Str:  5    XL:     10   Next: 98%
Magic:  7/27       EV: 15    Int: 24    God:    Vehumet [***...]
Gold:   485        SH:  2    Dex: 15    Spells: 4/31 levels left

rFire  + . .     SeeInvis .     g - +2 dagger (holy)
rCold  + + .     Gourm    .     A - +2 robe {rC+ rF+}
rNeg   . . .     Faith    .     (no shield)
rPois  +         Spirit   .     (no helmet)
rElec  .         Reflect  +     w - +0 cloak
rCorr  .         Harm     .     e - +0 pair of gloves
MR     ++...     Clarity  +     (no boots)
Stlth  ++........               D - +2 amulet of reflection
                                n - ring of protection from magic
                                o - ring of protection from cold

@: no status effects
A: yellow scales 1, clarity, poison resistance, sturdy frame 1
a: Renounce Religion


You were on level 9 of the Dungeon.
You worshipped Vehumet.
Vehumet was most pleased with you.
You were not hungry.

You visited 2 branches of the dungeon, and saw 10 of its levels.
You also visited: Ossuary.

You collected 485 gold pieces.

Inventory:

Hand Weapons
 g - a +2 dagger of holy wrath (weapon)
 H - a +3 dagger of chaos
Armour
 e - a +0 pair of gloves (worn)
 f - the +9 armour of the Dragon King {rPois rF+ rC+ MR+}
   (You found it on level 5 of the Dungeon)

   It protects you from fire.
   It protects you from cold.
   It protects you from poison.
   It affects your resistance to hostile enchantments.
 w - a +0 cloak (worn)
 A - a +2 robe of resistance (worn)
 I - a +1 robe of magic resistance
Jewellery
 n - a ring of protection from magic (right hand)
 o - a ring of protection from cold (left hand)
 v - an uncursed amulet of guardian spirit
 D - a +2 amulet of reflection (around neck)
Wands
 h - a wand of polymorph (8/24)
 x - a wand of flame (16/48)
 C - a wand of paralysis (8/24)
Scrolls
 d - 3 scrolls of remove curse
 l - 2 scrolls of immolation
 B - a scroll of enchant armour {unknown}
 K - 2 scrolls of magic mapping {unknown}
 L - 2 scrolls of amnesia
 M - a scroll of teleportation
 O - a scroll of summoning {unknown}
Potions
 a - 2 potions of cancellation
 b - 4 potions of flight
 i - a potion of invisibility
 j - 2 potions of agility
 k - 3 potions of resistance
 m - 2 potions of ambrosia
 p - 2 potions of might
 q - 3 potions of heal wounds
 r - a potion of haste {unknown}
 u - 2 potions of lignification
 E - a potion of curing
 G - 2 potions of magic
 N - a potion of berserk rage {unknown}
Comestibles
 c - 3 bread rations
 s - 5 meat rations
 t - a slice of pizza
 z - a royal jelly
 F - a beef jerky
 J - 3 chunks of flesh


   Skills:
 + Level 3.3 Fighting
 + Level 4.5 Short Blades
 + Level 3.7 Armour
 + Level 5.7 Dodging
 - Level 2.4 Stealth
 * Level 11.2 Spellcasting
 + Level 6.4 Conjurations
 + Level 6.9 Fire Magic
 + Level 2.4 Air Magic
 + Level 4.8 Earth Magic
 + Level 4.7 Poison Magic
 + Level 4.6 Evocations


You had 4 spell levels left.
You knew the following spells:

 Your Spells              Type           Power        Failure   Level  Hunger
a - Flame Tongue          Conj/Fire      #####        1%          1    None
b - Throw Flame           Conj/Fire      #####.       1%          2    None
c - Conjure Flame         Conj/Fire      #####...     1%          3    None
d - Inner Flame           Hex/Fire       ####....     1%          3    None
e - Sticky Flame          Conj/Fire      #####...     1%          4    None
f - Fireball              Conj/Fire      #####.....   3%          5    ####...
g - Stone Arrow           Conj/Erth      #####.       1%          3    None
h - Mephitic Cloud        Conj/Pois/Air  #####...     1%          3    None
i - Ignite Poison         Fire/Tmut/Pois ####....     1%          3    None


Dungeon Overview and Level Annotations

Branches:
Dungeon (9/15)             Temple (1/1) D:4
   Lair: D:8-11         Orc: D:9-12

Altars:
Ashenzari
Cheibriados
Dithmenos
Elyvilon
Fedhas
Gozag
Hepliaklqana
Kikubaaqudgha
Nemelex Xobeh
Okawaru
Qazlal
Ru
Sif Muna
Trog
Vehumet
Xom
Yredelemnul
Zin
The Shining One
Beogh

Shops:
D:4 %


Innate Abilities, Weirdness & Mutations

You are partially covered in yellow scales. (AC +2)
You possess an exceptional clarity of mind.
Your system is resistant to poisons. (rPois)
Your movements are slightly less encumbered by armour. (ER -2)


Message History

Casting: Sticky Flame
Confirm with . or Enter, or press ? or * to list all spells.
Aiming: Flame Tongue
Press: ? - help, Shift-Dir - straight line, f/p - orc warrior
Aim: an orc warrior, wielding a battleaxe and wearing a plate armour (heavily wounded, covered in liquid flames)
The flame tongue misses the orc warrior.
The orc warrior burns!
The orc warrior hits you with a battleaxe!!
* * * LOW HITPOINT WARNING * * *
The orc wizard mumbles some strange words.
The orc wizard flickers and vanishes!
Deactivating autopickup; reactivate with Ctrl-A.
The orc warrior burns!
An orc comes into view. It is wielding a vampiric trident.
The orc warrior burns!
You kill the orc warrior!
Vehumet accepts your kill.
A magic dart appears from out of thin air!
The magic dart hits you!
You die...

##.###.#######.#####
#[.............# ###
#..###..#####.## #.. #..# #..#
#.# ##.## #..###..##
#.###...### #..#.....#
#.#≈≈...≈≈#
##..#.#<..####.#≈..♣..≈##
.#..#.#........)........## #
....#.......##..@♣._.♣...#..#
.#.##.....#.##..............#
:#.##.##.##.##<#%).♣..≈###.....
.#.............#≈%...≈≈# ###
.......#.##.######r..#####.?..
#####..#.##.# #....o).....#
#.......# #.####[####...
##.#.########. #%#
#.#.......... #.#


You could see an orc and a neutral quokka (wandering).

Vanquished Creatures
  Erica (D:8)
  4 two-headed ogres
  Pikel (D:7)
  Psyche (D:8)
  A wyvern (D:9)
  A wraith (Ossuary)
  Grum (D:8)
  The ghost of holy777 the Grave Robber, an amateur DENe (D:4)
  4 orc warriors
  2 phantoms
  An ice beast (D:9)
  3 necrophages
  2 wolves (D:8)
  6 ogres
  2 centaurs
  The ghost of holy777 the Conjurer, an amateur HuCj (Ossuary)
  3 bullfrogs
  2 howler monkeys (D:8)
  2 crimson imps (D:9)
  A jelly (D:8)
  9 orc wizards
  6 orc priests
  Crazy Yiuf (D:3)
  A bullfrog skeleton (D:8)
  A hound (D:9)
  3 iguanas
  Ijyb (D:2)
  4 worker ants
  A hound skeleton (D:4)
  A mummy (Ossuary)
  3 gnolls (D:7)
  A worker ant zombie (D:6)
  8 adders
  2 shadow imps
  An ooze (D:5)
  2 adder skeletons (D:8)
  2 worms (D:2)
  3 dart slugs
  4 leopard geckos
  54 orcs
  4 ball pythons
  6 bats
  4 giant cockroaches
  9 goblins
  8 hobgoblins
  A quokka (D:4)
  5 frilled lizards
  3 gnoll skeletons (Ossuary)
  2 jackal skeletons (D:5)
  2 kobolds
  5 kobold skeletons (Ossuary)
  17 orc skeletons (Ossuary)
  A quokka skeleton (D:8)
  5 rats
220 creatures vanquished.

Vanquished Creatures (others)
  An ooze (D:7)
  2 jackals (D:7)
3 creatures vanquished.

Grand Total: 223 creatures vanquished

Notes
Turn   | Place    | Note
-------+----------+-------------------------------------------
     0 | D:1      | Kidiri the Deep Elf Fire Elementalist began the quest for the Orb.
     0 | D:1      | Reached XP level 1. HP: 10/10 MP: 6/6
   176 | D:1      | Reached XP level 2. HP: 15/15 MP: 6/8
   180 | D:1      | Learned a level 2 spell: Throw Flame
   208 | D:1      | Reached skill level 4 in Spellcasting
   590 | D:1      | Reached XP level 3. HP: 10/19 MP: 6/10
   595 | D:1      | Learned a level 3 spell: Conjure Flame
   599 | D:1      | Learned a level 3 spell: Inner Flame
  1176 | D:2      | Noticed Ijyb
  1226 | D:2      | Killed Ijyb
  1226 | D:2      | Reached XP level 4. HP: 11/24 MP: 0/12
  1232 | D:2      | Reached skill level 5 in Spellcasting
  1396 | D:2      | Learned a level 4 spell: Sticky Flame
  1496 | D:2      | Found an opulent altar of Gozag.
  2447 | D:3      | Reached XP level 5. HP: 28/28 MP: 1/15
  2636 | D:3      | Found a runed door.
  2640 | D:3      | Noticed Crazy Yiuf
  2645 | D:3      | Killed Crazy Yiuf
  2950 | D:4      | Reached skill level 6 in Spellcasting
  3220 | D:4      | Found a staircase to the Ecumenical Temple.
  3229 | Temple   | Entered the Ecumenical Temple
  3474 | Temple   | Became a worshipper of Vehumet
  3568 | D:4      | Noticed an ogre
  3570 | D:4      | Found Pavuvilo's Food Emporium.
  3580 | D:4      | Killed an ogre
  3580 | D:4      | Reached XP level 6. HP: 32/32 MP: 8/17
  3596 | D:4      | Learned a level 5 spell: Fireball
  3910 | D:4      | Reached skill level 7 in Spellcasting
  4009 | D:4      | Noticed holy777's ghost (amateur DENe)
  4017 | D:4      | Killed holy777's ghost
  4281 | D:5      | Entered Level 5 of the Dungeon
  4406 | D:5      | Reached skill level 5 in Fire Magic
  4458 | D:5      | Reached XP level 7. HP: 32/36 MP: 13/20
  4463 | D:5      | Learned a level 3 spell: Stone Arrow
  4496 | D:5      | Reached * piety under Vehumet
  4496 | D:5      | Offered knowledge of Sting by Vehumet.
  4509 | D:5      | Found a shadowy altar of Dithmenos.
  4832 | D:5      | Reached skill level 8 in Spellcasting
  4838 | D:5      | Learned a level 1 spell: Sting
  5090 | D:5      | Reached skill level 1 in Fighting
  5101 | D:5      | Reached skill level 1 in Earth Magic
  5245 | D:6      | Gained mutation: You are partially covered in yellow scales. (AC +2) [potion of beneficial mutation]
  5246 | D:6      | Gained mutation: Your movements are slightly less encumbered by armour. (ER -2) [potion of beneficial mutation]
  5369 | D:6      | Reached skill level 1 in Short Blades
  5369 | D:6      | Reached skill level 1 in Armour
  5403 | D:6      | Reached skill level 1 in Evocations
  5403 | D:6      | Reached XP level 8. HP: 28/43 MP: 4/22
  5527 | D:6      | Reached skill level 1 in Poison Magic
  6755 | D:7      | Noticed Pikel
  6773 | D:7      | Killed Pikel
  6773 | D:7      | Reached skill level 9 in Spellcasting
  6969 | D:7      | Offered knowledge of Magic Dart by Vehumet.
  6969 | D:7      | Reached skill level 5 in Conjurations
  6969 | D:7      | Reached XP level 9. HP: 32/48 MP: 4/24
  7383 | D:8      | Reached ** piety under Vehumet
  7451 | D:8      | Found a glowing golden altar of the Shining One.
  7607 | D:8      | Found a roughly hewn altar of Beogh.
  7977 | D:8      | Noticed a two-headed ogre
  7990 | D:8      | Killed a two-headed ogre
  7990 | D:8      | Reached skill level 10 in Spellcasting
  8008 | D:8      | Found a stormy altar of Qazlal.
  8012 | D:8      | Noticed Psyche
  8019 | D:8      | Killed Psyche
  8040 | D:8      | Noticed Grum
  8056 | D:8      | Offered knowledge of Ignite Poison by Vehumet.
  8061 | D:8      | Learned a level 3 spell: Ignite Poison
  8065 | D:8      | Found a sand-covered staircase.
  8074 | Ossuary  | Entered an ossuary
  8356 | Ossuary  | Reached *** piety under Vehumet
  8356 | Ossuary  | Reached XP level 10. HP: 21/54 MP: 9/26
  8382 | Ossuary  | Noticed holy777's ghost (amateur HuCj)
  8588 | Ossuary  | Killed holy777's ghost
  8632 | Ossuary  | Gained mutation: Your system is resistant to poisons. (rPois) [potion of mutation]
  8632 | Ossuary  | Gained mutation: You possess an exceptional clarity of mind. [potion of mutation]
  8654 | Ossuary  | Offered knowledge of Mephitic Cloud by Vehumet.
  8659 | Ossuary  | Learned a level 3 spell: Mephitic Cloud
  8796 | D:8      | Noticed a two-headed ogre
  8815 | D:8      | Killed a two-headed ogre
  8815 | D:8      | Reached skill level 5 in Dodging
  8815 | D:8      | Reached skill level 1 in Air Magic
  8823 | D:8      | Killed Grum
  8999 | D:8      | Noticed Erica
  9008 | D:8      | Killed Erica
  9073 | D:8      | Noticed a two-headed ogre
  9081 | D:8      | Killed a two-headed ogre
  9081 | D:8      | Reached skill level 11 in Spellcasting
  9453 | D:9      | Found a white marble altar of Elyvilon.
  9468 | D:9      | Noticed a two-headed ogre
  9552 | D:9      | Killed a two-headed ogre
  9574 | D:9      | Killed from afar by an orc wizard

Vault maps used:
D:1:      sevenhm_arrival_forest_fort_small_3
D:2:      overflow_temple_1_default, minmay_misc_feat_secret_circle,
          kennysheep_generic_room_11, uniq_iyjb
D:3:      uniq_crazy_yiuf_cottage
D:4:      serial_shops, shop
D:5:      lemuel_doored_altar, first_bread
D:7:      uniq_pikel
D:8:      tso_metal_star, lemuel_crystal_altar, enter_ossuary_1, special_room,
          uniq_psyche, uniq_grum, uniq_erica
D:9:      elyvilon_altar_4, eat_drink_and_be_merry_uskayaw, bloody_makhleb,
          special_room
Temple:   minmay_temple_curvy_branch
Ossuary:  ossuary_due_mausoleum

Skill      XL: |  1  2  3  4  5  6  7  8  9 10 |
---------------+-------------------------------+-----
Spellcasting   | 4 5 6 7 8 9 10 11 | 11.2
Conjurations   | 2 3 4 5 6 |  6.4
Fire Magic     | 4 5 6 |  6.9
Fighting       | 1 2 3 |  3.3
Earth Magic    | 1 2 3 4 |  4.8
Short Blades   | 1 2 3 4 |  4.5
Armour         | 1 2 3 |  3.7
Dodging        | 3 4 5 |  5.7
Evocations     | 1 2 3 4 |  4.6
Poison Magic   | 2 3 4 |  4.7
Air Magic      | 2 |  2.4
Stealth        | |  2.4

Action                   |  1- 3 |  4- 6 |  7- 9 | 10-12 || total
-------------------------+-------+-------+-------+-------++-------
Melee: Dagger            |     5 |    28 |    40 |     7 ||    80
 Cast: Flame Tongue      |    55 |    75 |   128 |    59 ||   317
       Throw Flame       |     9 |    40 |    39 |    21 ||   109
       Sticky Flame      |       |     2 |    20 |     6 ||    28
       Conjure Flame     |       |     2 |     3 |     4 ||     9
       Fireball          |       |       |     4 |       ||     4
       Inner Flame       |       |       |     6 |     3 ||     9
       Stone Arrow       |       |       |       |     4 ||     4
       Mephitic Cloud    |       |       |       |     1 ||     1
       Ignite Poison     |       |       |       |     1 ||     1
  Use: Scroll            |     6 |     5 |    10 |     1 ||    22
       Potion            |       |     1 |     6 |     1 ||     8
 Stab: Sleeping          |     1 |     2 |     2 |     1 ||     6
       Distracted        |       |       |       |     1 ||     1
  Eat: Chunk             |     1 |    10 |    12 |       ||    23
       Fruit             |       |       |     9 |       ||     9
Armor: Robe              |     2 |     7 |    23 |     2 ||    34
Dodge: Dodged            |    15 |    26 |    60 |    15 ||   116
Block: Other             |       |       |     6 |     1 ||     7
